[Event "Late-Titled-Tuesday-Blitz-May-14-2024"]
[Site "Chess.com"]
[Date "2024.05.14"]
[Round "4"]
[White "Oleksandr_Bortnyk"]
[Black "Mops_2004"]
[Result "1/2-1/2"]
[WhiteElo "3048"]
[BlackElo "2835"]
[TimeControl "180+1"]
[EndTime "14:42:28 PDT"]
[Termination "Game drawn by repetition"]

1. e4 g6 2. h4 Nf6 3. e5 Nh5 4. g4 Ng7 5. h5 gxh5 6. gxh5 d6 7. h6 Nf5 8. Nf3 dxe5 9. Bc4 Nc6 10. d3 Nd6 11. Bb3 Bg4 12. Be3 Qd7 13. Nbd2 O-O-O 14. Qe2 Nf5 15. O-O-O f6 16. Rdg1 Ncd4 17. Bxd4 Nxd4 18. Qe4 Bf5 19. Qe3 Nxb3+ 20. axb3 b6 21. Nxe5 fxe5 22. Qxe5 Bxh6 23. Rxh6 Rhg8 24. Re1 e6 25. Nc4 Rg2 26. Qf4 Qd4 27. Qf3 Qd5 28. Qxd5 exd5 29. Ne3 Rxf2 30.
Nxf5 Rxf5 31. Rxh7 Rf6 32. Ree7 Rc6 33. b4 a6 34. c3 Rdd6 35. Rh8+ Rd8 36. Rh5 Rcd6 37.
Kc2 R6d7 38. Ree5 Kb7 39. d4 b5 40. Kb3 Rd6 41. Reg5 R6d7 42. Rg6 Rd6 43. Rgg5 R8d7 44.
Rf5 Rd8 45. Rhg5 R8d7 46. Kc2 Rd8 47. Kd3 R8d7 48. Re5 Rd8 49. Re7 R8d7 50. Rxd7 Rxd7 51. Ke3 c6 52. Kf4 Rf7+ 53. Ke5 Rf2 54. Kd6 Kb6 55.
Rg6 Rf3 56. Re6 Rf7 57. Re8 Rf6+ 58. Re6 Rf7 59. Rh6 Rg7 60. Rf6 Rh7 61. Ke6 Rh2 62. Rg6 Rh7 63. Rf6 Rg7 64. Rf8 Rg6+ 65. Ke5 Rg5+ 66.
Kd6 Rg6+ 67. Kd7 Rg7+ 68. Ke6 Rg6+ 69. Rf6 Rg2 70. Kd6 Rg7 71. Rh6 Rf7 72. Rh2 Rf6+ 73. Ke7 Rg6 74. Kf7 Rd6 75. Re2 Rh6 76. Kg7 Rh3 77. Kf7 Rh7+ 78. Kg6 Rh1 79. Rf2 Rg1+ 80. Kf7 Re1 81. Kf6 Re3 82. Rg2 Re8 83. Kf7 Re3 84. Rh2 Re4 85. Rf2 Kc7 86. Kf6 Re3 87. Rg2 Re8 88. Rg7+ Kb6 89. Re7 Rh8 90. Ke6 Rh2 91.
Kd7 Rh6 92. Kc8 a5 93. bxa5+ Kxa5 94. Kb7 b4 95. Rc7 bxc3 96. bxc3 Kb5 97. Rg7 Rf6 98.
Rg5 Rf3 99. Rg6 Rxc3 100. Kc7 Rc4 101. Kd6 Rxd4 102. Rg1 Rc4 103. Rb1+ Ka4 104. Ke5 Rb4 105. Rc1 Kb5 106. Kd6 Rc4 107. Rb1+ Ka4 108. Ke5 Ka3 109. Rb6 d4 110. Ke4 Ka4 111. Kd3 Rb4 112. Rxc6 Kb5 113. Rc8 Kb6 114. Rh8 Kc5 115. Rh5+ Kc6 116. Rg5 Kd6 117. Rh5 Kc6 118. Rg5 Kd6 119. Rh5 Kc6 1/2-1/2

[Event "Late-Titled-Tuesday-Blitz-May-14-2024"]
[Site "Chess.com"]
[Date "2024.05.14"]
[Round "5"]
[White "ClauAmura"]
[Black "Davidalhesa2007"]
[Result "1-0"]
[WhiteElo "2319"]
[BlackElo "1932"]
[TimeControl "180+1"]
[EndTime "14:50:17 PDT"]
[Termination "ClauAmura won by resignation"]

1. d4 d5 2. Bg5 h6 3. Bh4 g5 4. Bg3 Bg7 5. h4 g4 6. e3 h5 7.
c4 c6 8. Nc3 Bf5 9. cxd5 cxd5 10.
Qb3 b6 11. Qxd5 Qxd5 12. Nxd5 1-0

[Event "Late-Titled-Tuesday-Blitz-May-14-2024"]
[Site "Chess.com"]
[Date "2024.05.14"]
[Round "5"]
[White "Rodalquilar"]
[Black "RantomOpening"]
[Result "1-0"]
[WhiteElo "2860"]
[BlackElo "2587"]
[TimeControl "180+1"]
[EndTime "14:50:31 PDT"]
[Termination "Rodalquilar won by resignation"]

1. d4 c6 2. Nf3 Nf6 3. Bf4 Qb6 4. Nbd2 Qxb2 5. e4 d6 6. Nc4 Qb4+ 7. c3 Qxc3+ 8. Bd2 Nxe4 9. Bxc3 Nxc3 10. Qc2 Nd5 11. Ne3 Nxe3 12. fxe3 g6 13. h4 h5 14. Bc4 Bg7 15. Ng5 d5 16. Bxd5 O-O 1-0

[Event "Late-Titled-Tuesday-Blitz-May-14-2024"]
[Site "Chess.com"]
[Date "2024.05.14"]
[Round "5"]
[White "geordie_derraugh"]
[Black "Stanbad1"]
[Result "1-0"]
[WhiteElo "2499"]
[BlackElo "2604"]
[TimeControl "180+1"]
[EndTime "14:50:46 PDT"]
[Termination "geordie_derraugh won by checkmate"]

1. e4 e6 2. d4 d5 3. Nc3 Nf6 4.
e5 Nfd7 5. Nce2 Be7 6. c3 c5 7.
Nf3 O-O 8. a3 Nc6 9. Nf4 cxd4 10. cxd4 a5 11. Bd3 a4 12. h4 Nb6 13. Bxh7+ Kxh7 14. Ng5+ Kg8 15. Qh5 Re8 16. Qxf7+ Kh8 17. Ng6# 1-0

[Event "Late-Titled-Tuesday-Blitz-May-14-2024"]
[Site "Chess.com"]
[Date "2024.05.14"]
[Round "5"]
[White "GiorgianBarbosa"]
[Black "PhileKhoob"]
[Result "1-0"]
[WhiteElo "2518"]
[BlackElo "2336"]
[TimeControl "180+1"]
[EndTime "14:51:07 PDT"]
[Termination "GiorgianBarbosa won by resignation"]

1. c4 c6 2. g3 d5 3. cxd5 cxd5 4. Bg2 Nc6 5. Nf3 Nf6 6. O-O Bf5 7. d4 h6 8. Ne5 Rc8 9. Nc3 e6 10. Qa4 a6 11. Bf4 Bd6 12. Rfc1 O-O 13. h3 Nh5 14. Nxc6 Rxc6 15. Bxd6 Qxd6 16. g4 Nf4 17. gxf5 b5 18. Qd1 b4 19. Na4 Rxc1 20. Rxc1 Nxe2+ 21. Qxe2 1-0

[Event "Late-Titled-Tuesday-Blitz-May-14-2024"]
[Site "Chess.com"]
[Date "2024.05.14"]
[Round "5"]
[White "ferrufino64"]
[Black "amylazy"]
[Result "1-0"]
[WhiteElo "2317"]
[BlackElo "2451"]
[TimeControl "180+1"]
[EndTime "14:51:27 PDT"]
[Termination "ferrufino64 won by resignation"]

1. e4 c5 2. Nf3 e6 3. d4 cxd4 4.
Nxd4 a6 5. Nc3 Qc7 6. a3 b6 7.
Be3 Bb7 8. f3 Nf6 9. g4 d5 10.
g5 Nfd7 11. exd5 exd5 12. Qd2 Nc6 13. O-O-O Nxd4 14. Bxd4 Be7 15. Re1 Kf8 16. Bh3 Re8 17. Bxd7 Qxd7 18. Bxb6 h6 19. h4 d4 20. Bxd4 Bxf3 21.
Bxg7+ Kxg7 22. Qxd7 Bxh1 23. gxh6+ Rxh6 24. Qxe8 Bxh4 25. Rg1+ 1-0

[Event "Late-Titled-Tuesday-Blitz-May-14-2024"]
[Site "Chess.com"]
[Date "2024.05.14"]
[Round "5"]
[White "Veleamater"]
[Black "PawnEatingZombie"]
[Result "0-1"]
[WhiteElo "2430"]
[BlackElo "2312"]
[TimeControl "180+1"]
[EndTime "14:51:46 PDT"]
[Termination "PawnEatingZombie won by resignation"]

1. Nf3 Nf6 2. g3 g6 3. Bg2 Bg7 4. O-O O-O 5. d3 c5 6. c4 Nc6 7.
Nc3 d5 8. e4 dxc4 9. dxc4 Qxd1 10. Rxd1 Bg4 11. h3 Bxf3 12. Bxf3 Nd4 13. Bg2 Nd7 14. f4 e6 15. e5 Rab8 16. Nb5 Nxb5 17.
Rxd7 Nd4 18. Rxb7 Rxb7 19. Rb1 Rbb8 0-1

[Event "Late-Titled-Tuesday-Blitz-May-14-2024"]
[Site "Chess.com"]
[Date "2024.05.14"]
[Round "5"]
[White "Maikrosoft63"]
[Black "FuenfgegenWilly"]
[Result "1-0"]
[WhiteElo "2619"]
[BlackElo "2461"]
[TimeControl "180+1"]
[EndTime "14:51:56 PDT"]
[Termination "Maikrosoft63 won by resignation"]

1. e4 c5 2. Nf3 a6 3. c4 b6 4.
d4 cxd4 5. Nxd4 Bb7 6. Nc3 e6 7. Be3 Qc7 8. Rc1 Nf6 9. f3 h5 10. Be2 h4 11. Qd2 Bd6 12. Ncb5 axb5 13. Nxb5 Bg3+ 14.
hxg3 Qxg3+ 15. Bf2 Qe5 16. Nd6+ Ke7 17. Nxb7 Ra7 18. Qb4+ d6 19. Qxb6 Rxa2 20. c5 d5 21. Qd6+ Qxd6 22. cxd6+ Kd7 23. Rc7+ Ke8 1-0

[Event "Late-Titled-Tuesday-Blitz-May-14-2024"]
[Site "Chess.com"]
[Date "2024.05.14"]
[Round "5"]
[White "picturesquecheck"]
[Black "Meri-Arabidze"]
[Result "0-1"]
[WhiteElo "2470"]
[BlackElo "2688"]
[TimeControl "180+1"]
[EndTime "14:52:01 PDT"]
[Termination "Meri-Arabidze won by resignation"]

1. e4 c5 2. Nf3 e6 3. g3 Nc6 4.
Bg2 Nf6 5. d3 d5 6. Nbd2 Be7 7.
O-O O-O 8. Re1 b5 9. e5 Ne8 10. h4 Nc7 11. Nf1 f5 12. exf6 Bxf6 13. N1h2 Qd6 14.
Ng4 e5 15. Nxf6+ Qxf6 16. Qe2 Bg4 17. Bg5 Bxf3 18. Qe3 Qf7 19. Bxf3 Qxf3 20. Qxc5 Nd4 21. Be3 Nce6 22. Qd6 Qf7 23. Rac1 Nf3+ 0-1

[Event "Late-Titled-Tuesday-Blitz-May-14-2024"]
[Site "Chess.com"]
[Date "2024.05.14"]
[Round "5"]
[White "rionelG"]
[Black "slorovel"]
[Result "0-1"]
[WhiteElo "2314"]
[BlackElo "2568"]
[TimeControl "180+1"]
[EndTime "14:52:14 PDT"]
[Termination "slorovel won by resignation"]

1. e4 e6 2. d3 d5 3. Nd2 Nc6 4. Ngf3 Nf6 5. Be2 dxe4 6. dxe4 e5 7. c3 Bd6 8. O-O O-O 9. Qc2 Qe7 10. Re1 a5 11. h3 a4 12. Nc4 Bd7 13. Bg5 h6 14.
Bxf6 Qxf6 15. Ne3 Be6 16. Nd2 Na5 17. Bg4 b5 18. Bxe6 fxe6 19. Ndf1 Bc5 20. b4 axb3 21.
axb3 Bb6 22. b4 Nc4 23. Rxa8 Rxa8 24. Nxc4 bxc4 25. Ne3 Rf8 26. Rf1 Bxe3 0-1

[Event "Late-Titled-Tuesday-Blitz-May-14-2024"]
[Site "Chess.com"]
[Date "2024.05.14"]
[Round "5"]
[White "ChEsper99"]
[Black "FedaMaster"]
[Result "0-1"]
[WhiteElo "2240"]
[BlackElo "2623"]
[TimeControl "180+1"]
[EndTime "14:52:25 PDT"]
[Termination "FedaMaster won by resignation"]

1. Nf3 e6 2. g3 d5 3. d4 c5 4. Bg2 Nc6 5. c4 dxc4 6. Qa4 Bd7 7. dxc5 Rc8 8. O-O Bxc5 9. Qxc4 Nb4 10. Qb3 Nc2 11.
Nc3 Nxa1 12. Qxb7 Nc2 13. Bg5 Nf6 14. a3 Qb6 15. Qxb6 Bxb6 16. Rc1 Nd4 17. Nxd4 Bxd4 0-1

[Event "Late-Titled-Tuesday-Blitz-May-14-2024"]
[Site "Chess.com"]
[Date "2024.05.14"]
[Round "5"]
[White "angelgab3"]
[Black "vugarrasulov"]
[Result "0-1"]
[WhiteElo "2717"]
[BlackElo "2963"]
[TimeControl "180+1"]
[EndTime "14:52:26 PDT"]
[Termination "vugarrasulov won by resignation"]

1. e4 g6 2. d4 Nf6 3. Nc3 d5 4. e5 Ne4 5. Bd3 Nxc3 6. bxc3 c5 7. Nf3 Bg4 8. h3 Bxf3 9. Qxf3 e6 10. h4 Nc6 11. Be3 h5 12. Rb1 Qc7 13. g4 hxg4 14.
Qxg4 O-O-O 15. h5 Be7 16. h6 Rh7 17. Ke2 Rdh8 18. Bxg6 Rg8 19. Qxe6+ fxe6 0-1

[Event "Late-Titled-Tuesday-Blitz-May-14-2024"]
[Site "Chess.com"]
[Date "2024.05.14"]
[Round "5"]
[White "Alexander_Donchenko"]
[Black "zajka-molotok"]
[Result "1-0"]
[WhiteElo "2852"]
[BlackElo "2568"]
[TimeControl "180+1"]
[EndTime "14:52:27 PDT"]
[Termination "Alexander_Donchenko won by resignation"]

1. e4 g6 2. d4 Bg7 3. c3 d6 4.
Bd3 Nc6 5. Ne2 e5 6. d5 Nce7 7.
c4 f5 8. Nbc3 Nf6 9. f3 f4 10.
Bd2 g5 11. h3 h5 12. Qc2 g4 13. hxg4 hxg4 14. Rxh8+ Bxh8 15. O-O-O g3 16. Rh1 Ng6 17. Kb1 Kf7 18. c5 dxc5 19. Bc4 Kg7 20. Nc1 Ne8 21.
Nd3 Nd6 22. Nb5 b6 23. Nxf4 exf4 24. Bc3+ Kg8 25. Bxh8 Nxh8 26. e5 Bf5 27. Bd3 Nxb5 28. Bxf5 Nd4 29. Be6+ Nxe6 30. Qh7+ Kf8 31. Qxh8+ Ke7 32.
Qf6+ 1-0

[Event "Late-Titled-Tuesday-Blitz-May-14-2024"]
[Site "Chess.com"]
[Date "2024.05.14"]
[Round "5"]
[White "FaustinoOro"]
[Black "lcmil"]
[Result "1-0"]
[WhiteElo "2919"]
[BlackElo "2684"]
[TimeControl "180+1"]
[EndTime "14:52:31 PDT"]
[Termination "FaustinoOro won by resignation"]

1. Nf3 Nf6 2. b3 g6 3. Bb2 Bg7 4. g3 d6 5. d4 O-O 6. Bg2 Nbd7 7. O-O Re8 8. c4 e5 9. dxe5 dxe5 10. Nxe5 Ng4 11. Nd3 Bxb2 12. Nxb2 Qf6 13. Qd2 c6 14. Nc3 Nc5 15. h3 Ne5 16. Rad1 Bf5 17. Qc1 h5 18. e4 Bc8 19. f4 Ned7 20. e5 Qf5 21. b4 Na6 22. Ne4 1-0

[Event "Late-Titled-Tuesday-Blitz-May-14-2024"]
[Site "Chess.com"]
[Date "2024.05.14"]
[Round "5"]
[White "rhungaski"]
[Black "SpeedofLight0"]
[Result "0-1"]
[WhiteElo "2539"]
[BlackElo "3009"]
[TimeControl "180+1"]
[EndTime "14:52:31 PDT"]
[Termination "SpeedofLight0 won by resignation"]

1. b3 e5 2. Bb2 Nc6 3. c4 Nf6 4. e3 d5 5. cxd5 Nxd5 6. a3 Be7 7. Qc2 O-O 8. b4 f6 9. Nf3 Be6 10. d3 a5 11. b5 Na7 12. d4 c6 13. bxc6 Nxc6 14.
Bd3 Rc8 15. Bxh7+ Kh8 16. Qg6 f5 17. Qh5 Nf6 18. Qh3 Nxh7 19. dxe5 Qb6 20. Bd4 Nxd4 21. Nxd4 Rc1+ 0-1

[Event "Late-Titled-Tuesday-Blitz-May-14-2024"]
[Site "Chess.com"]
[Date "2024.05.14"]
[Round "5"]
[White "Statham_01"]
[Black "Naruto-K"]
[Result "1-0"]
[WhiteElo "2623"]
[BlackElo "2463"]
[TimeControl "180+1"]
[EndTime "14:52:34 PDT"]
[Termination "Statham_01 won by resignation"]

1. e4 e6 2. d4 d5 3. Bd3 c5 4. c3 Nc6 5. Ne2 Nf6 6. e5 Nd7 7. a3 c4 8. Bc2 Na5 9. Nd2 Be7 10. O-O O-O 11. Ng3 f5 12. exf6 gxf6 13. Qh5 Rf7 14. Nf3 Nf8 15. Bh6 Bd7 16. Rae1 Qe8 17. Qg4+ Kh8 18. Nh5 Ng6 19. Nh4 f5 20.
Nxg6+ hxg6 21. Qxg6 Qg8 22. Nf4 Qxg6 23. Nxg6+ Kh7 24.
Ne5 1-0

[Event "Late-Titled-Tuesday-Blitz-May-14-2024"]
[Site "Chess.com"]
[Date "2024.05.14"]
[Round "5"]
[White "VladimirBugayev"]
[Black "AungTZ"]
[Result "1/2-1/2"]
[WhiteElo "2323"]
[BlackElo "2085"]
[TimeControl "180+1"]
[EndTime "14:52:36 PDT"]
[Termination "Game drawn by repetition"]

1. e4 c5 2. Nc3 Nc6 3. Bb5 e6 4. Bxc6 dxc6 5. d3 Ne7 6. f4 Ng6 7. Nf3 Be7 8. O-O O-O 9. Qe1 f5 10. g3 Bf6 11. e5 Be7 12. b3 b5 13. a4 a5 14. Be3 c4 15. bxc4 b4 16. Nb1 c5 17. Nbd2 Bb7 18. Nb3 Qc7 19. Kf2 Rfd8 20. Ke2 Nf8 21. h4 Nd7 22. Qf2 Rac8 23. Kd2 Nb6 24.
Ke2 Nd7 25. Ng5 Nf8 26. Nf3 Nd7 1/2-1/2

[Event "Late-Titled-Tuesday-Blitz-May-14-2024"]
[Site "Chess.com"]
[Date "2024.05.14"]
[Round "5"]
[White "Sacbutt"]
[Black "Nor1lsk"]
[Result "0-1"]
[WhiteElo "2366"]
[BlackElo "2789"]
[TimeControl "180+1"]
[EndTime "14:52:51 PDT"]
[Termination "Nor1lsk won by resignation"]

1. d4 g6 2. c4 Bg7 3. Nc3 c5 4. e3 Nf6 5. Nf3 O-O 6. Be2 cxd4 7. Nxd4 Nc6 8. O-O d5 9. cxd5 Nxd5 10. Nxd5 Qxd5 11. Bf3 Qc5 12. Nxc6 bxc6 13. Bd2 Bxb2 14. Rb1 Bg7 15. Bb4 Qe5 16. Bxc6 Rb8 17. Qa4 Bf5 18. e4 Bxe4 19. Rfe1 Bxc6 20. Qxc6 Rxb4 0-1

[Event "Late-Titled-Tuesday-Blitz-May-14-2024"]
[Site "Chess.com"]
[Date "2024.05.14"]
[Round "5"]
[White "Dedic8"]
[Black "MagnusCarlsen"]
[Result "1-0"]
[WhiteElo "2927"]
[BlackElo "3207"]
[TimeControl "180+1"]
[EndTime "14:53:05 PDT"]
[Termination "Dedic8 won by resignation"]

1. d4 Nf6 2. c4 d6 3. Nc3 e5 4. Nf3 Nbd7 5. e4 g6 6. h3 Bg7 7.
Be3 exd4 8. Nxd4 O-O 9. Qd2 Re8 10. f3 c6 11. O-O-O d5 12. exd5 cxd5 13. Bh6 dxc4 14. Bxc4 Qc7 15. Bxf7+ Kxf7 16. Nb5 Qc6 17. Nd6+ Kg8 18. Nxe8 Nxe8 19. Bxg7 Kxg7 20. Rhe1 Ndf6 21.
Re7+ Kf8 22. Rde1 Bd7 23. g4 Qd6 24. Rxe8+ 1-0

[Event "Late-Titled-Tuesday-Blitz-May-14-2024"]
[Site "Chess.com"]
[Date "2024.05.14"]
[Round "5"]
[White "Godzillator"]
[Black "carloseduar100"]
[Result "1-0"]
[WhiteElo "2427"]
[BlackElo "2250"]
[TimeControl "180+1"]
[EndTime "14:53:09 PDT"]
[Termination "Godzillator won by resignation"]

1. c4 e6 2. d4 d5 3. cxd5 exd5 4. Nc3 a6 5. Bf4 c6 6. e3 Bd6 7. Bg3 Ne7 8. Bd3 Bf5 9. Bxf5 Nxf5 10. Qc2 Nxg3 11.
hxg3 h6 12. g4 Nd7 13. Nf3 Qe7 14. g5 O-O-O 15. gxh6 Rxh6 16. Rxh6 gxh6 17. Nxd5 Qe6 18. Nc3 Rg8 19. g3 Nb6 20. O-O-O Bb4 21. Ne5 f6 22. Nd3 Bxc3 23. bxc3 Nc4 24. Nb2 Nd6 25.
c4 Rg5 26. Kb1 Qe4 27. Nd3 Rh5 28. c5 Nb5 29. Kb2 Rh1 30. Nf4 Qf3 31. Rxh1 Qxh1 32.
a4 Nc7 33. Qf5+ Kb8 34. Qxf6 Qe1 35. Qd8+ Ka7 36. Qxc7 Qd2+ 37. Kb3 Qd3+ 38. Nxd3 1-0

[Event "Late-Titled-Tuesday-Blitz-May-14-2024"]
[Site "Chess.com"]
[Date "2024.05.14"]
[Round "5"]
[White "munozmiguelangel1982"]
[Black "howitzer14"]
[Result "0-1"]
[WhiteElo "2259"]
[BlackElo "3015"]
[TimeControl "180+1"]
[EndTime "14:53:09 PDT"]
[Termination "howitzer14 won by resignation"]

1. Nf3 f5 2. d4 Nf6 3. c4 e6 4. e3 b6 5. Nc3 Bb7 6. Bd3 Bb4 7. Qc2 O-O 8. Bd2 d6 9. a3 Bxc3 10. Bxc3 Nbd7 11. d5 Nc5 12. dxe6 Nxd3+ 13. Qxd3 Ne4 14.
Qd4 Qe7 15. O-O-O Nxf2 16. Nh4 Be4 17. Rhf1 Nxd1 18. Kxd1 c5 19. Nxf5 Bxf5 20. Qd2 Bg4+ 21. Kc2 Rxf1 0-1

[Event "Late-Titled-Tuesday-Blitz-May-14-2024"]
[Site "Chess.com"]
[Date "2024.05.14"]
[Round "5"]
[White "JM05C"]
[Black "Umumba_FM"]
[Result "0-1"]
[WhiteElo "2510"]
[BlackElo "2678"]
[TimeControl "180+1"]
[EndTime "14:53:17 PDT"]
[Termination "Umumba_FM won by checkmate"]

1. Nf3 Nc6 2. e4 f5 3. exf5 d5 4. d4 Bxf5 5. Bd3 Bg4 6. c3 e5 7.
dxe5 Nxe5 8. Qe2 Bd6 9. Bf4 Bxf3 10. gxf3 Qf6 11. Bxe5 Bxe5 12. Nd2 O-O-O 13. O-O-O Ne7 14. Rhe1 Nc6 15. Bb5 Bxh2 16. Qe6+ Qxe6 17. Rxe6 Rd6 18. Rxd6 Bxd6 19. Bxc6 bxc6 20. Nb3 h5 21. Nd4 Kd7 22.
Kd2 h4 23. Nf5 g6 24. Ne3 h3 25. Ke2 h2 26. Rh1 Bf4 27. Ng4 Kd6 28. Kf1 Rb8 29. b3 Rh8 30. Kg2 c5 31. Rd1 c6 32. Ne3 Kc7 33. Nf1 h1=Q# 0-1

[Event "Late-Titled-Tuesday-Blitz-May-14-2024"]
[Site "Chess.com"]
[Date "2024.05.14"]
[Round "5"]
[White "secretworker2027"]
[Black "sergiochess83"]
[Result "0-1"]
[WhiteElo "2629"]
[BlackElo "2852"]
[TimeControl "180+1"]
[EndTime "14:53:28 PDT"]
[Termination "sergiochess83 won by resignation"]

1. e4 c5 2. Nf3 d6 3. d4 cxd4 4.
Nxd4 Nf6 5. Nc3 a6 6. Nb3 e6 7. g4 b5 8. g5 Nfd7 9. h4 Bb7 10. Bg2 b4 11. Ne2 Nc6 12. h5 a5 13.
g6 hxg6 14. hxg6 Rxh1+ 15. Bxh1 fxg6 16. Nf4 Qf6 17. Qg4 Kf7 18. Nh3 Nde5 19. Qg3 Kg8 20. Ng5 Nf7 21. Qh4 Nxg5 22. Bxg5 Qxb2 23. Bf3 a4 24. Bg4 Re8 25. Qh3 Qe5 26. f4 Qxe4+ 27.
Kf2 axb3 28. Rh1 bxc2 0-1

[Event "Late-Titled-Tuesday-Blitz-May-14-2024"]
[Site "Chess.com"]
[Date "2024.05.14"]
[Round "5"]
[White "YouShallNotPass001"]
[Black "Iuckyducky"]
[Result "1-0"]
[WhiteElo "2493"]
[BlackElo "2295"]
[TimeControl "180+1"]
[EndTime "14:53:32 PDT"]
[Termination "YouShallNotPass001 won by resignation"]

1. e4 c5 2. Nf3 e6 3. g3 Nc6 4. Bg2 d5 5. exd5 exd5 6. d4 cxd4 7. O-O Bc5 8. Nbd2 Nge7 9. Nb3 Bb6 10. Nfxd4 O-O 11. c3 a6 12. Bg5 h6 13. Be3 Nxd4 14.
Bxd4 Be6 15. Re1 Nf5 16. Bxb6 Qxb6 17. Qd2 Rad8 18. Rad1 Nd6 19. Qc1 Nc4 20. Rd4 a5 21.
Re2 a4 22. Na1 Nd6 23. Nc2 Nb5 24. Rb4 Qc5 25. Nd4 Nxd4 26. Rxd4 b5 27. a3 Bf5 28. Re5 Be4 29. Bxe4 dxe4 30. Rxc5 1-0

[Event "Late-Titled-Tuesday-Blitz-May-14-2024"]
[Site "Chess.com"]
[Date "2024.05.14"]
[Round "5"]
[White "schondeln"]
[Black "merinasian"]
[Result "0-1"]
[WhiteElo "2345"]
[BlackElo "2527"]
[TimeControl "180+1"]
[EndTime "14:53:35 PDT"]
[Termination "merinasian won by resignation"]

1. e4 d6 2. d4 Nd7 3. Nc3 g6 4. Be3 Bg7 5. Qd2 a6 6. f3 b5 7. Nge2 Bb7 8. h4 h6 9. h5 g5 10.
g3 e6 11. Bg2 Ne7 12. f4 gxf4 13. gxf4 Nb6 14. b3 Rg8 15. Bf3 f5 16. a3 fxe4 17. Nxe4 Nbd5 18. Bf2 Nf5 19. c4 bxc4 20. bxc4 Nb6 21. Qd3 d5 22. cxd5 Bxd5 23. N2c3 Bc4 24. Qd2 Nd5 25. Nc5 Qd6 26. N3e4 Qxf4 27. Nxe6 Qxf3 28.
Rh3 Qxe4+ 0-1

[Event "Late-Titled-Tuesday-Blitz-May-14-2024"]
[Site "Chess.com"]
[Date "2024.05.14"]
[Round "5"]
[White "Bala-Afiada"]
[Black "Chessdude1987"]
[Result "0-1"]
[WhiteElo "1967"]
[BlackElo "2368"]
[TimeControl "180+1"]
[EndTime "14:53:42 PDT"]
[Termination "Chessdude1987 won by resignation"]

1. d4 e6 2. c4 f5 3. g3 Nf6 4. Bg2 Be7 5. Nf3 O-O 6. b3 d6 7.
O-O Ne4 8. Qc2 Bf6 9. Bb2 Qe7 10. Nbd2 Nxd2 11. Nxd2 e5 12. dxe5 dxe5 13. Rad1 Kh8 14. Nf3 c5 15. Qd2 Nc6 16. a3 a5 17. h4 Rd8 18. Qc1 Nd4 19. Nxd4 cxd4 20. Qd2 Be6 21. b4 Bxc4 22. bxa5 e4 23. Bxd4 Rxd4 24. Qxd4 Bxd4 0-1

[Event "Late-Titled-Tuesday-Blitz-May-14-2024"]
[Site "Chess.com"]
[Date "2024.05.14"]
[Round "5"]
[White "Hakiki_satranc"]
[Black "volcanoexplorer"]
[Result "0-1"]
[WhiteElo "2421"]
[BlackElo "2706"]
[TimeControl "180+1"]
[EndTime "14:53:46 PDT"]
[Termination "volcanoexplorer won by resignation"]

1. e4 e5 2. Nf3 Nc6 3. Nc3 Nf6 4.
Bb5 Bb4 5. O-O O-O 6. d3 Bxc3 7.
bxc3 d6 8. Nd2 Qe7 9. f4 exf4 10. Rxf4 Qe5 11. Rxf6 Qxf6 12. Bxc6 bxc6 13. Nc4 Be6 14. Ne3 Qxc3 15. Bd2 Qc5 16. c3 f5 17. d4 Qb5 18.
exf5 Bxf5 19. Qe1 Qd3 20. Rd1 Rae8 21. Qg3 Bg6 22. h4 Bh5 23. Rf1 Qxd2 24. Nf5 Rxf5 25.
Rxf5 Qe1+ 26. Qxe1 Rxe1+ 27. Kh2 Bg6 28. Ra5 Re2 29.
Rxa7 Be4 30. Rxc7 Rxg2+ 31. Kh3 Rxa2 32. Rd7 Bf5+ 33. Kg3 Bxd7 34. h5 Rc2 35. h6 Rxc3+ 36. Kf4 Rc4 37. hxg7 Rxd4+ 38. Kg5 Rg4+ 39. Kf6 Rg6+ 40.
Ke7 Kxg7 41. Kxd7 h5 42. Kxc6 h4 43. Kd5 h3 44. Ke4 h2 45. Kf4 h1=Q 0-1

[Event "Late-Titled-Tuesday-Blitz-May-14-2024"]
[Site "Chess.com"]
[Date "2024.05.14"]
[Round "5"]
[White "KirAk47"]
[Black "Mikhail_Golubev"]
[Result "0-1"]
[WhiteElo "2442"]
[BlackElo "2609"]
[TimeControl "180+1"]
[EndTime "14:53:47 PDT"]
[Termination "Mikhail_Golubev won by checkmate"]

1. d4 Nf6 2. Nf3 d6 3. c4 g6 4. Nc3 Bg7 5. e4 O-O 6. Be2 e5 7. O-O h6 8. Be3 Ng4 9. Bc1 Nf6 10. Re1 Nbd7 11. Bf1 Re8 12. b3 exd4 13. Nxd4 Nc5 14. f3 Nh5 15. Bb2 Qh4 16. Nd5 Be5 17. g3 Nxg3 18.
hxg3 Qxg3+ 19. Bg2 Bh3 20. Ne3 Qh2+ 21. Kf1 Bg3 22. Qc2 Nd3 23. Qxd3 Bxg2+ 24. Nxg2 Qh1+ 25. Ke2 Qxg2+ 26. Ke3 Qf2# 0-1

[Event "Late-Titled-Tuesday-Blitz-May-14-2024"]
[Site "Chess.com"]
[Date "2024.05.14"]
[Round "5"]
[White "hsd2016"]
[Black "maurovargas01"]
[Result "1-0"]
[WhiteElo "2300"]
[BlackElo "1935"]
[TimeControl "180+1"]
[EndTime "14:53:47 PDT"]
[Termination "hsd2016 won by resignation"]

1. e4 d5 2. exd5 Qxd5 3. Nc3 Qa5 4. d4 c6 5. Nf3 Nf6 6. Ne5 Bf5 7. Bf4 e6 8. g4 Be4 9. f3 Bg6 10. h4 h5 11. Nxg6 fxg6 12. g5 Nd5 13. Bd2 Qc7 14. Qe2 Bd6 15. Qxe6+ Ne7 16. O-O-O Qd7 17. Qe4 Qf5 18.
Qe2 O-O 19. Bh3 Qxf3 20. Qc4+ Kh7 21. Rdf1 Qxh3 22. Rxh3 Rxf1+ 23. Qxf1 Nf5 24. Ne4 Bc7 25. Bf4 Bb6 26. c3 Nd7 27. Nd6 Rf8 28. Nxf5 Rxf5 29.
Rf3 Nf8 30. Be5 Rxf3 31. Qxf3 Ne6 32. Qf7 Bxd4 33. cxd4 c5 34. Qxe6 cxd4 35. Qf7 1-0

[Event "Late-Titled-Tuesday-Blitz-May-14-2024"]
[Site "Chess.com"]
[Date "2024.05.14"]
[Round "5"]
[White "Seppppppy"]
[Black "crazycheesecake"]
[Result "1-0"]
[WhiteElo "2333"]
[BlackElo "2132"]
[TimeControl "180+1"]
[EndTime "14:53:51 PDT"]
[Termination "Seppppppy won on time"]

1. e4 c5 2. Nf3 d6 3. Bb5+ Bd7 4. Bxd7+ Nxd7 5. O-O Ngf6 6. Re1 e6 7. c3 Be7 8. d4 O-O 9. Bg5 Rc8 10. Nbd2 cxd4 11. cxd4 Qa5 12. e5 dxe5 13. dxe5 Nd5 14. Bxe7 Nxe7 15.
Ne4 Qd5 16. Qa4 a6 17. Rad1 Qc6 18. Qxc6 Rxc6 19. Rxd7 Rfc8 20. Rxe7 Rc1 21. h3 Rxe1+ 22. Nxe1 Kf8 23. Rxb7 Rc1 24. Kf1 Rc4 25. Nd6 Rc5 26.
Rb8+ Ke7 27. Rb7+ Kd8 28. Rxf7 1-0

[Event "Late-Titled-Tuesday-Blitz-May-14-2024"]
[Site "Chess.com"]
[Date "2024.05.14"]
[Round "5"]
[White "Dexter_Dyke"]
[Black "Walter_White_Poland"]
[Result "1-0"]
[WhiteElo "2596"]
[BlackElo "2407"]
[TimeControl "180+1"]
[EndTime "14:53:53 PDT"]
[Termination "Dexter_Dyke won on time"]

1. e4 c5 2. Nf3 e6 3. d4 cxd4 4.
c3 d5 5. exd5 Qxd5 6. cxd4 Nf6 7.
Nc3 Bb4 8. Bd3 O-O 9. O-O Qh5 10. Ne2 Nc6 11. Bg5 Bd6 12. Bxf6 gxf6 13. Ng3 Bxg3 14. fxg3 Rd8 15. Be4 f5 16. Bxc6 bxc6 17. Qa4 Rb8 18. b3 Bd7 19. Ne5 Be8 20. g4 fxg4 21. Qxa7 Rb4 22.
Rf4 g3 23. hxg3 f6 24. Rxf6 Rbxd4 25. Raf1 1-0

[Event "Late-Titled-Tuesday-Blitz-May-14-2024"]
[Site "Chess.com"]
[Date "2024.05.14"]
[Round "5"]
[White "GothamChess"]
[Black "Pitomina"]
[Result "1-0"]
[WhiteElo "2770"]
[BlackElo "2531"]
[TimeControl "180+1"]
[EndTime "14:53:56 PDT"]
[Termination "GothamChess won by resignation"]

1. e4 e6 2. b3 d5 3. Bb2 Nf6 4. e5 Nfd7 5. Qg4 c5 6. f4 Nc6 7.
Nf3 h5 8. Qh3 g6 9. Be2 Be7 10.
O-O Nb4 11. Na3 b6 12. c3 Nc6 13. Nc2 a5 14. a4 Ba6 15. Bb5 Qc7 16. c4 d4 17. Nce1 Nf8 18. Nd3 Nh7 19. g3 Qb7 20. Qg2 Bxb5 21. cxb5 Nd8 22. Ba3 Kd7 23. Nb2 Qd5 24. Nc4 Nb7 25. Nxb6+ 1-0